 Dungeon Crawl Stone Soup version 0.29-a0-19-gef7f3e67aa (webtiles) character file.

Game seed: 3939247921432308136

48576 Grim the Fighter (level 14, 0/133 HPs)
             Began as a Minotaur Berserker on Jan 28, 2022.
             Was a High Priest of Trog.
             Slain by a blink frog (8 damage)
             ... while paralysed by Rupert
             ... on level 6 of the Lair of Beasts.
             The game lasted 00:39:40 (16583 turns).

Grim the Fighter (Minotaur Berserker)              Turns: 16583, Time: 00:39:41

Health: 0/133      AC: 21    Str: 22    XL:     14   Next: 12%
Magic:  13/13      EV:  2    Int: 12    God:    Trog [*****.]
Gold:   1174       SH:  0    Dex:  9    Spells: 13/13 levels left

rFire   + + .      SeeInvis .   t - +6 spear "Ijouwk" {venom, rN+ Int+4 Dex+2 Stlth+}
rCold   + + .      Faith    .   w - +0 kite shield
rNeg    + . .      Spirit   .   R - +0 plate armour {rF+}
rPois   +          Reflect  .   H - +2 hat
rElec   .          Harm     .   l - +0 cloak of Baldness {rPois}
rCorr   +          Rampage  +   (no gloves)
Will    +....                   s - +1 pair of boots of Heagesch {Rampage rC++ rCorr Dex-4}
Stlth   ..........              v - amulet of the acrobat
HPRegen 0.32/turn               P - ring of protection from fire
MPRegen 0.13/turn               j - +4 ring of evasion

@: paralysed
A: horns 2, retaliatory headbutt
a: Renounce Religion, Berserk, Trog's Hand, Brothers in Arms


You were on level 6 of the Lair of Beasts.
You worshipped Trog.
Trog was extremely pleased with you.
You visited 2 branches of the dungeon, and saw 18 of its levels.
You also visited: Sewer, Bailey and Volcano.

You collected 1174 gold pieces.

Inventory:

Hand Weapons
 t - the +6 spear "Ijouwk" (weapon) {venom, rN+ Int+4 Dex+2 Stlth+}
   (You found it on level 3 of the Dungeon)

   It poisons the flesh of those it strikes.
   Int:       It affects your intelligence (+4).
   Dex:       It affects your dexterity (+2).
   rN:        It protects you from negative energy.
   Stlth:     It makes you more stealthy.
Missiles
 f - 2 javelins
 g - 8 throwing nets
 q - 12 poisoned darts (quivered)
 x - 8 datura-tipped darts
 C - a curare-tipped dart
Armour
 l - the +0 cloak of Baldness (worn) {rPois}
   (You found it in a bailey)

   rPois:     It protects you from poison.
 s - the +1 pair of boots of Heagesch (worn) {Rampage rC++ rCorr Dex-4}
   (You found it in a bailey)

   Dex:       It affects your dexterity (-4).
   rC:        It greatly protects you from cold.
   rCorr:     It protects you from acid and corrosion.
   Rampage:   It bestows one free step when moving towards enemies.
 w - a +0 kite shield (worn)
 H - a +2 hat (worn)
 R - a +0 plate armour of fire resistance (worn)
Jewellery
 a - a ring of willpower
 i - a ring of magical power
 j - a +4 ring of evasion (right hand)
 v - an amulet of the acrobat (around neck)
 L - a ring of resist corrosion
 N - a ring of willpower
 P - a ring of protection from fire (left hand)
Wands
 u - a wand of acid (6)
 E - a wand of mindburst (26)
 M - a wand of digging (6)
 Q - a wand of flame (31)
 X - a wand of polymorph (8)
 Y - a wand of paralysis (2)
Scrolls
 e - 3 scrolls of torment
 k - 5 scrolls of enchant armour
 o - 6 scrolls of fog
 p - a scroll of brand weapon
 y - 5 scrolls of teleportation
 A - 4 scrolls of fear
 B - 3 scrolls of enchant weapon
 D - 3 scrolls of noise
 G - 2 scrolls of vulnerability
 I - a scroll of magic mapping
 Z - 5 scrolls of identify
Potions
 b - 2 potions of degeneration {!q}
 d - a potion of magic {unknown}
 h - 5 potions of might
 m - 2 potions of heal wounds
 n - a potion of invisibility
 r - a potion of lignification
 z - 5 potions of attraction
 F - 2 potions of resistance
 J - a potion of ambrosia {unknown}
 K - 5 potions of curing
 O - a potion of flight
 S - 2 potions of brilliance
 T - 2 potions of haste
 W - a potion of mutation {!q}
Miscellaneous
 c - a piece from Xom's chessboard (15/15)
 U - a piece from Xom's chessboard (15/15)
 V - a tin of tremorstones (2/2)


   Skills:
 - Level 14.5 Fighting
 - Level 6.3 Long Blades
 - Level 12.5 Polearms
 + Level 11.2 Armour
 - Level 13.1 Dodging
 + Level 13.9 Shields


You had 13 spell levels left.
You didn't know any spells.
Your spell library was empty.

Dungeon Overview and Level Annotations

Branches:
Dungeon (13/15)            Temple (0/1) D:4            Lair (6/6) D:10
  Swamp (0/4) Lair:3        Snake (0/4) Lair:2        Slime (0/5) Lair:5
    Orc (0/2) D:12          Sewer (visited)          Bailey (visited)
Volcano (visited)
 Vaults: D:13-14

Altars:
Dithmenos
Hepliaklqana
Kikubaaqudgha
Ru
Xom
The Shining One

Shops:
D:6 *   D:9 :

Portals:
Abyss: D:5

Annotations:
D:5 2 transporters, paps's ghost, novice OpFi
D:9 2 runed translucent doors
D:13 Frances
Lair:3 2 transporters
Lair:6 Rupert


Innate Abilities, Weirdness & Mutations

You have a pair of horns on your head.
You reflexively headbutt those who attack you in melee.


Message History

The rime drake looks as sick as possible!
The rime drake is almost dead.
You kill the rime drake!
Trog accepts your kill. You block the blink frog's attack.
Rupert yells loudly at you.
You suddenly lose the ability to move!
The blink frog hits you but does no damage. x2
The blink frog hits you.
The blink frog blinks! x2
The blink frog hits you but does no damage. x2
Rupert roars madly and goes into a rage!
Rupert goes berserk!
The blink frog blinks!
The blink frog hits you but does no damage.
The yak bellows!
The blink frog hits you!
Rupert hits you with a +2 triple sword of electrocution!!
The yak gores you.
The blink frog blinks!
The blink frog hits you. The blink frog hits you!
* * * LOW HITPOINT WARNING * * *
Rupert hits you with a +2 triple sword of electrocution!!
* * * LOW HITPOINT WARNING * * *
The blink frog blinks!
The blink frog hits you but does no damage.
The yak gores you but does no damage. The blink frog hits you.
* * * LOW HITPOINT WARNING * * *
Rupert hits you with a +2 triple sword of electrocution.
* * * LOW HITPOINT WARNING * * *
A yak comes into view.
The blink frog hits you but does no damage.
The yak gores you.
* * * LOW HITPOINT WARNING * * *
Rupert hits you with a +2 triple sword of electrocution!
* * * LOW HITPOINT WARNING * * *
The blink frog blinks!
The yak barely misses you.
The blink frog hits you but does no damage.
Rupert hits you with a +2 triple sword of electrocution!!
* * * LOW HITPOINT WARNING * * *
The blink frog hits you!
You die...

........................
.........................
.........................
.........................
.........................
.........F.....Y..........
.......................##.
........F@F.F.Y.#.#.#.##..
........<@Y.P..#..#####...
#........Y..###.## #...
#P#.....F..#.#### #....
#.P......### .....
#.#......## ..##
###.......## #......#.#
#.......## ##.....?P#


You could see Rupert (berserk), 4 yaks and 5 blink frogs.

Vanquished Creatures
  Gastronok (Lair:2)
  A red draconian (Volcano)
  Harold (D:7)
  An ogre mage (Volcano)
  2 centaur warriors (D:8)
  2 hydras (Lair:2)
  A catoblepas (D:13)
  Erica (D:8)
  11 two-headed ogres
  2 death knights
  A wolf spider (D:10)
  3 manticores
  A deep elf pyromancer (D:10)
  4 cyclopes
  9 elephants (Lair:5)
  A black mamba (Lair:5)
  5 cane toads
  An unseen horror (D:7)
  6 komodo dragons
  2 gargoyles
  2 rime drakes
  A komodo dragon (shapeshifter) (D:13)
  2 kobold demonologists
  5 trolls
  8 blink frogs
  6 slime creatures
  Sigmund (D:4)
  A meliai zombie (D:11)
  A wraith (D:12)
  2 shadows
  2 vampires (Bailey)
  3 wyverns
  34 yaks
  A steam dragon (D:6)
  3 basilisks
  3 humans (D:13)
  3 fire bats (Lair:2)
  12 vampire mosquitoes
  A two-headed ogre zombie (D:12)
  4 nagas (Lair:2)
  2 acid dragons
  15 water moccasins
  11 orc warriors
  An ice beast (D:6)
  2 black bears
  3 sky beasts (D:7)
  2 ogres
  4 wolves (Lair:5)
  7 centaurs
  A necrophage (D:7)
  2 phantoms
  A gnoll sergeant (D:9)
  3 kobold brigands
  10 bullfrogs
  3 scorpions
  2 troll zombies (D:12)
  5 killer bees
  4 vampire bats (Bailey)
  5 howler monkeys
  An electric eel (Lair:2)
  9 wolf zombies (Bailey)
  A bullfrog zombie (D:7)
  3 hounds
  3 centaur zombies
  3 jellies (Lair:5)
  3 gnoll shamans
  A bullfrog skeleton (D:5)
  2 centaur skeletons
  2 iguanas (D:6)
  3 orc priests
  7 orc wizards
  5 ogre zombies (D:12)
  2 hound skeletons
  2 howler monkey zombies
  20 gnolls
  10 adders
  A howler monkey skeleton (D:5)
  2 white imps
  2 adder skeletons (D:4)
  A worm (Sewer)
  4 dart slugs
  30 orcs
  8 ball pythons
  13 endoplasms
  5 giant cockroaches
  8 goblins
  6 hobgoblins
  A jackal (D:1)
  21 kobolds
  2 quokkas (D:5)
  3 frilled lizards
  A goblin skeleton (D:12)
  7 goblin zombies (D:12)
  A hobgoblin skeleton (D:12)
  2 hobgoblin zombies (D:12)
  3 orc skeletons (D:12)
  31 orc zombies
  6 rats
469 creatures vanquished.

Vanquished Creatures (collateral kills)
  An ugly thing (D:13)
  A vampire (Bailey)
  3 vampire bats (Bailey)
5 creatures vanquished.

Vanquished Creatures (others)
  10 fungi
  11 plants
21 creatures vanquished.

Grand Total: 495 creatures vanquished

Notes
Turn   | Place    | Note
-------+----------+-------------------------------------------
     0 | D:1      | Grim the Minotaur Berserker began the quest for the Orb.
     0 | D:1      | Reached XP level 1. HP: 19/19 MP: 0/0
   175 | D:1      | Reached XP level 2. HP: 26/26 MP: 1/1
   660 | D:1      | Reached skill level 5 in Long Blades
  1014 | D:2      | Reached ** piety under Trog
  1059 | D:2      | Reached XP level 3. HP: 31/31 MP: 2/2
  1696 | D:3      | Reached XP level 4. HP: 39/39 MP: 3/3
  2039 | D:3      | Identified the +6 spear "Ijouwk" {venom, rN+ Int+4 Dex+2
                  | Stlth+}
  2179 | D:4      | Reached skill level 1 in Polearms
  2451 | D:4      | Reached XP level 5. HP: 45/45 MP: 4/4
  2556 | D:4      | Noticed Sigmund
  2567 | D:4      | Killed Sigmund
  2568 | D:4      | Reached skill level 5 in Polearms
  2568 | D:4      | Reached XP level 6. HP: 51/51 MP: 5/5
  2603 | D:4      | Found a staircase to the Ecumenical Temple.
  2846 | D:5      | Entered Level 5 of the Dungeon
  2846 | D:5      | Found an ancient bone altar of Kikubaaqudgha.
  2876 | D:5      | Found a transporter.
  2876 | D:5      | Found a one-way gate to the infinite horrors of the Abyss.
  2876 | D:5      | Noticed paps's ghost (novice OpFi)
  2956 | D:5      | Found a transporter.
  2956 | D:5      | Noticed a small abomination
  2996 | D:5      | Noticed a small abomination
  3027 | D:5      | Identified the +3 whip of Melaj {drain, *Rage rC++ rCorr}
  3229 | D:5      | Reached *** piety under Trog
  3252 | D:5      | Found a glowing drain.
  3256 | Sewer    | Entered a sewer
  3527 | Sewer    | Reached skill level 1 in Shields
  3527 | Sewer    | Reached XP level 7. HP: 28/57 MP: 6/6
  4720 | D:6      | Reached XP level 8. HP: 33/64 MP: 7/7
  4917 | D:6      | Found Sevivank's Assorted Antiques.
  5051 | D:6      | HP: 3/64 [steam dragon/ball of steam (17)]
  5266 | D:6      | Noticed a troll
  5271 | D:6      | Reached skill level 10 in Polearms
  5272 | D:6      | Reached skill level 5 in Shields
  5279 | D:6      | Killed a troll
  6062 | D:7      | Reached **** piety under Trog
  6089 | D:7      | Found a shimmering altar of Xom.
  6090 | D:7      | Found a glowing golden altar of the Shining One.
  6090 | D:7      | Found an ancient bone altar of Kikubaaqudgha.
  6090 | D:7      | Found a shadowy altar of Dithmenos.
  6096 | D:7      | Reached XP level 9. HP: 70/70 MP: 8/8
  6132 | D:7      | Killed an unseen horror
  6133 | D:7      | Reached skill level 5 in Armour
  6165 | D:7      | Noticed a gargoyle
  6166 | D:7      | Noticed a manticore
  6174 | D:7      | Killed a gargoyle
  6178 | D:7      | Killed a manticore
  6182 | D:7      | Noticed a manticore
  6182 | D:7      | Noticed a cyclops
  6232 | D:7      | Killed a cyclops
  6308 | D:7      | Noticed Harold
  6320 | D:7      | Killed Harold
  6321 | D:7      | Reached XP level 10. HP: 77/77 MP: 9/9
  6338 | D:7      | Noticed a cyclops
  6340 | D:7      | Killed a manticore
  6341 | D:7      | Reached skill level 10 in Shields
  6377 | D:7      | Killed a cyclops
  6748 | D:7      | Reached skill level 10 in Armour
  7764 | D:8      | Noticed Erica
  7777 | D:8      | Killed Erica
  8231 | D:8      | Noticed a centaur warrior
  8232 | D:8      | Noticed a centaur warrior
  8232 | D:8      | Noticed a two-headed ogre
  8234 | D:8      | Noticed a death knight
  8243 | D:8      | Killed a centaur warrior
  8244 | D:8      | Reached XP level 11. HP: 71/82 MP: 10/10
  8244 | D:8      | Noticed a soul eater
  8247 | D:8      | Killed a two-headed ogre
  8248 | D:8      | Reached skill level 5 in Dodging
  8254 | D:8      | Killed a centaur warrior
  8269 | D:8      | Killed a death knight
  8824 | D:9      | Found Tinaruet's Book Boutique.
  8991 | D:9      | Found a runed translucent door.
  8993 | D:9      | Found a runed translucent door.
  9017 | D:9      | Found a flagged portal.
  9017 | D:9      | Noticed a two-headed ogre
  9033 | D:9      | Killed a two-headed ogre
  9093 | Bailey   | Entered a bailey
  9149 | Bailey   | Reached ***** piety under Trog
  9205 | Bailey   | Reached skill level 4 in Fighting
  9305 | Bailey   | Identified the +0 cloak of Baldness {rPois}
  9472 | Bailey   | Reached skill level 5 in Fighting
  9523 | Bailey   | Identified the +1 pair of boots of Heagesch {Rampage rC++
                  | rCorr Dex-4}
  9532 | Bailey   | Identified the +0 chain mail of the Ward {Rampage Int-2
                  | Dex+6}
 10173 | D:10     | Entered Level 10 of the Dungeon
 10194 | D:10     | Noticed a two-headed ogre
 10294 | D:10     | Found a staircase to the Lair.
 10402 | D:10     | Reached skill level 6 in Fighting
 10512 | D:10     | Killed a two-headed ogre
 10657 | D:9      | Reached skill level 7 in Fighting
 10736 | D:10     | Reached XP level 12. HP: 100/100 MP: 11/11
 10970 | D:10     | Reached skill level 8 in Fighting
 11184 | D:10     | Received a gift from Trog
 11459 | D:11     | Reached skill level 10 in Dodging
 11464 | D:11     | Reached skill level 9 in Fighting
 11924 | D:12     | Found a staircase to the Orcish Mines.
 12024 | D:12     | Noticed a two-headed ogre
 12040 | D:12     | Killed a two-headed ogre
 12041 | D:12     | Reached skill level 10 in Fighting
 12155 | D:12     | Found a sacrificial altar of Ru.
 12235 | D:12     | Noticed a two-headed ogre
 12244 | D:12     | Killed a two-headed ogre
 12588 | D:13     | Noticed a death knight
 12606 | D:12     | Killed a death knight
 12607 | D:12     | Reached skill level 11 in Fighting
 12748 | D:13     | Noticed a catoblepas
 12757 | D:13     | Killed a catoblepas
 12810 | D:13     | Noticed a vault guard
 12826 | D:13     | Noticed Frances
 12942 | Lair:1   | Entered Level 1 of the Lair of Beasts
 12995 | Lair:1   | Reached XP level 13. HP: 116/116 MP: 12/12
 13028 | Lair:1   | Found a hazy altar of Hepliaklqana.
 13056 | Lair:1   | Upgraded the game from 0.29-a0-9-g022ca4c890 to
                  | 0.29-a0-19-gef7f3e67aa
 13513 | Lair:1   | Reached skill level 12 in Fighting
 13864 | Lair:2   | Noticed Gastronok
 13876 | Lair:2   | Killed Gastronok
 14023 | Lair:2   | Found a staircase to the Snake Pit.
 14381 | Lair:2   | Reached skill level 13 in Fighting
 14483 | Lair:2   | Received a gift from Trog
 15086 | Lair:3   | Found a transporter.
 15104 | Lair:3   | Found a transporter.
 15122 | Lair:3   | Found a staircase to the Swamp.
 15149 | Lair:3   | You fall into a shaft and drop 2 floors!
 15155 | Lair:5   | Found a dark tunnel.
 15168 | Volcano  | Entered a volcano
 15187 | Volcano  | Found a bloodstained altar of Trog.
 15188 | Volcano  | Noticed a red draconian
 15316 | Volcano  | Killed a red draconian
 15317 | Volcano  | Reached skill level 14 in Fighting
 15522 | Lair:5   | Found a staircase to the Slime Pits.
 15818 | Lair:5   | Reached XP level 14. HP: 133/133 MP: 13/13
 16412 | Lair:6   | Entered Level 6 of the Lair of Beasts
 16461 | Lair:6   | Noticed Rupert
 16577 | Lair:6   | Paralysed by Rupert for 7 turns
 16583 | Lair:6   | Slain by a blink frog

Illustrated notes

Levels and vault maps discovered:
D:1:      dpeg_arrival_brainrot, layout_basic
D:2:      layout_loops_ring, feat_on_display
D:3:      layout_rooms
D:4:      layout_loops_ring, minmay_temple_entry_waves, corexii_checkpoint_a,
          minmay_fractal_squares_gapless_5, uniq_sigmund
D:5:      layout_basic, mainiacjoe_overflow_alcove_4, gup_sewer_entry_bowl,
          gammafunk_ghost_abyssal_escape, serial_co_window_serial,
          co_window_of_opportunity_a, co_window_corner_a, co_window_paths_b,
          co_window_paths_a, co_window_cross_1, co_window_2corner,
          co_window_2corner, co_window_paths_c, co_window_4corner_b,
          glass_columns_b, glass_columns_c, glass_columns_a, glass_columns_a,
          glass_columns_a, minmay_misc_feat_ornament
D:6:      layout_loops_ring, serial_shops,
          nicolae_shop_temple_entry_statues_fountains, minmay_chambers_of_fives
D:7:      minmay_the_grid_octo_triangle [minmay_the_grid_octo_shrine,
          minmay_the_grid_octo_prize_big_c, minmay_the_grid_octo_thin_diamonds],
          layout_loops_ring, uniq_harold
D:8:      minmay_bloctagon_deflated, layout_layer_cave,
          nicolae_figureground_sparkle, uniq_erica
D:9:      lemuel_insect_pit, layout_long_grid, serial_shops, shop,
          enter_bailey_5, minmay_statues_item
D:10:     layout_rooms, lair_entry_dummy, nzn_random_ring
D:11:     layout_cave_pools
D:12:     layout_basic, zombieorc2_lemuel, nicolae_ru_awakened_eye
D:13:     layout_cave_pools, ximxim_vaults_locker_room, uniq_frances
Lair:1:   layout_regular_city, basic_altar, beast_lair_carwin_3
Lair:2:   layout_gridlike, minmay_snake_entry_guardpost_small,
          nicolae_lair_lil_pond, grunt_megastairs_3, uniq_gastronok
Lair:3:   layout_long_grid, minmay_swamp_entry_swarm,
          gammafunk_ghost_berserking_beasts, infiniplex_staircase_pool_2
Lair:5:   layout_loops_ring, minmay_slime_entry_pillars,
          nicolae_volcano_entry_two_sided
Lair:6:   wormcave, layout_hall_layers, uniq_rupert

Skill      XL: |  1  2  3  4  5  6  7  8  9 10 11 12 13 14 |
---------------+-------------------------------------------+-----
Long Blades    | 4 5 6 |  6.3
Polearms       | 2 5 6 8 10 12 | 12.5
Shields        | 1 3 6 9 12 13 | 13.9
Armour         | 4 8 10 11 | 11.2
Dodging        | 4 8 12 13 | 13.1
Fighting       | 7 11 14 | 14.5

Action                   |  1- 3 |  4- 6 |  7- 9 | 10-12 | 13-15 || total
-------------------------+-------+-------+-------+-------+-------++-------
Melee: Falchion          |    63 |    35 |       |       |       ||    98
       Headbutt          |    13 |    19 |    28 |   188 |   154 ||   402
       Spear             |       |    98 |   187 |   979 |   612 ||  1876
       Punch             |       |     1 |       |       |       ||     1
Throw: Dart              |       |       |     2 |     5 |       ||     7
Invok: Berserk           |       |     1 |     5 |    15 |     2 ||    23
       Trog's Hand       |       |       |     3 |     6 |       ||     9
       Brothers in Arms  |       |       |       |     2 |       ||     2
Evoke: Wand              |       |       |       |     1 |       ||     1
  Use: Potion            |       |       |     1 |     2 |       ||     3
       Scroll            |       |       |       |    21 |     6 ||    27
 Stab: Sleeping          |       |     3 |     1 |       |       ||     4
       Distracted        |       |       |       |     1 |       ||     1
Armor: Ring mail         |    13 |    31 |    28 |       |       ||    72
       Animal skin       |     1 |       |       |       |       ||     1
       Skin              |       |       |     7 |       |       ||     7
       Plate armour      |       |       |    24 |   266 |   151 ||   441
Dodge: Dodged            |    42 |    29 |    28 |   200 |   168 ||   467
Block: Kite shield       |       |    10 |    50 |   369 |   215 ||   644

Table legend: (Time is in decaauts)
 A = Elapsed time spent in this place.
 B = Non-inter-level travel time spent in this place.
 C = Inter-level travel time spent in this place.
 D = Time resting spent in this place.
 E = Time spent auto-exploring this place.
 F = Levels seen in this place.
 G = Mean time per level.
                   A        B        C        D        E       F      G
               +--------+--------+--------+--------+--------+-----+--------+
         Total |  16329 |  15553 |    776 |   2415 |   9440 |  21 |  777.6 |
       Dungeon |  11746 |  11146 |    600 |   1972 |   6860 |  13 |  903.5 |
          Lair |   3122 |   2946 |    176 |    152 |   1974 |   5 |  624.4 |
         Sewer |    536 |    536 |      0 |    158 |    259 |   1 |  536.0 |
        Bailey |    592 |    592 |      0 |     53 |    203 |   1 |  592.0 |
       Volcano |    331 |    331 |      0 |     78 |    142 |   1 |  331.0 |
               +--------+--------+--------+--------+--------+-----+--------+

Top non-repeatable levels by time:
     D:5: 1601 daAuts
     D:8: 1580 daAuts
     D:6: 1257 daAuts
     D:7: 1062 daAuts
     D:1: 992 daAuts
    D:10: 971 daAuts
  Lair:2: 971 daAuts
  Lair:5: 885 daAuts
     D:9: 883 daAuts
  Lair:1: 873 daAuts
    D:12: 753 daAuts
     D:4: 693 daAuts
     D:2: 632 daAuts
    D:11: 613 daAuts
  Bailey: 592 daAuts
